 Dungeon Crawl Stone Soup version 0.21.0-3-g78d12a8 (webtiles) character file.

322 komo4ek the Caller (level 6, 0/41 HPs)
             Began as a Human Summoner on Jan 14, 2018.
             Succumbed to a scorpion's poison
             ... on level 4 of the Dungeon.
             The game lasted 00:15:32 (5522 turns).

komo4ek the Caller (Human Summoner)                 Turns: 5522, Time: 00:15:33

Health: 0/41       AC:  3    Str:  8    XL:     6   Next: 76%
Magic:  1/27       EV: 12    Int: 18    God:
Gold:   215        SH:  0    Dex: 13    Spells: 5/9 levels left

rFire    . . .     SeeInvis .   A - +3 dagger (freeze)
rCold    . . .     Gourm    .   (no shield)
rNeg     . . .     Faith    .   a - +1 robe
rPois    .         Spirit   +   (no helmet)
rElec    .         Reflect  .   (no cloak)
rCorr    .         Harm     .   (no gloves)
MR       .....                  (no boots)
Stlth    ++........             y - amulet of guardian spirit
HPRegen  0.13/turn              e - ring of magical power
MPRegen  0.20/turn              j - ring of magical power

@: lethally poisoned (0 -> -6), flying, very slightly contaminated, invisible
A: no striking features
a: no special abilities


You were on level 4 of the Dungeon.
You were hungry.

You visited 1 branch of the dungeon, and saw 4 of its levels.

You collected 215 gold pieces.

Inventory:

Hand Weapons
 A - a +3 dagger of freezing (weapon)
Armour
 a - a +1 robe (worn)
Jewellery
 e - a ring of magical power (left hand)
 j - a ring of magical power (right hand)
 y - an amulet of guardian spirit (around neck)
Scrolls
 g - a scroll of fear
 m - 2 scrolls of amnesia
 o - 7 scrolls of identify {unknown}
 q - a scroll of teleportation
 r - 3 scrolls of remove curse
 u - a scroll of enchant armour
 C - a scroll of random uselessness {unknown}
Potions
 h - a potion of invisibility
 i - a potion of magic {unknown}
 k - 3 potions of curing {unknown}
 p - 3 potions of agility {unknown}
 s - 2 potions of heal wounds {unknown}
 v - a potion of berserk rage {unknown}
 w - a potion of haste {unknown}
 x - a potion of lignification {unknown}
 z - a potion of mutation {unknown}
Books
 b - a book of Callings

   Spells                             Type                      Level
   a - Summon Small Mammal            Summoning                    1
   b - Call Imp                       Summoning                    2
   c - Call Canine Familiar           Summoning                    3
   d - Summon Guardian Golem          Hexes/Summoning              3
   e - Summon Lightning Spire         Summoning/Air                4
   f - Summon Ice Beast               Ice/Summoning                4
Comestibles
 c - 4 rations


   Skills:
 - Level 2.0 Dodging
 - Level 2.0 Stealth
 - Level 2.0 Spellcasting
 + Level 7.6 Summonings


You had 5 spell levels left.
You knew the following spells:

 Your Spells              Type           Power        Failure   Level  Hunger
a - Summon Small Mammal   Summ           ####         1%          1    #......
b - Call Canine Familiar  Summ           ####....     2%          3    ###....


Dungeon Overview and Level Annotations

Branches:
Dungeon (4/15)
 Temple: D:4-7

Altars:

Annotations:
D:4 Eustachio; Natasha; pstr's ghost, amateur NaEE


Message History

It was a scroll of blinking.
Cornered, the scorpion turns to fight!
The shadow imp gestures at you. Pain shoots through your body!
* * * LOW HITPOINT WARNING * * *
As you read the scroll labeled ELO TUP FER, it crumbles to dust.
You feel strangely unstable.
It was a scroll of teleportation.
The shadow imp gestures at you. Pain shoots through your body!
* * * LOW HITPOINT WARNING * * *
It was a potion of flight.
You feel very buoyant.
You fly up into the air.
The scorpion stings you!
* * * LOW HITPOINT WARNING * * *
You are lethally poisoned!
The scorpion poisons you! The shadow imp hits you.
* * * LOW HITPOINT WARNING * * *
It was a potion of invisibility.
You fade into invisibility!
Your surroundings suddenly seem different.
You die...

#.# #w# #.# #
#.# #....
#####.#.#######
.......>.S.....
.# #..@# .#
#...# .# # #...#
...#
#...######## ..#
#...#......#
...#
#...#.####.#
...# #...#.# #.#
.# ....#.# #.#
.#
##############.#
#.#


You could see a worm (sleeping) and an adder (sleeping).

Vanquished Creatures
  A worker ant (D:4)
  2 adders
  A dart slug (D:3)
  3 orcs
  A bat (D:3)
  2 goblins (D:2)
  2 hobgoblins
  A ball python (D:1)
  A frilled lizard (D:2)
  2 rats (D:2)
16 creatures vanquished.

Vanquished Creatures (collateral kills)
  Sigmund (D:4)
  The ghost of p0werm0de the Grave Robber, a weakling VSNe (D:3)
  2 hounds (D:4)
  An orc wizard (D:4)
  A worker ant (D:4)
  Natasha (twice) (D:4)
  5 adders
  2 worms
  4 dart slugs
  2 leopard geckos
  20 orcs
  2 ball pythons
  5 giant cockroaches
  3 goblins
  7 hobgoblins
  4 jackals (D:3)
  5 kobolds
  3 bats
  2 frilled lizards
  2 leopard gecko skeletons (D:4)
  3 rats
77 creatures vanquished.

Grand Total: 93 creatures vanquished

Notes
Turn   | Place    | Note
-------+----------+-------------------------------------------
     0 | D:1      | komo4ek the Human Summoner began the quest for the Orb.
     0 | D:1      | Reached XP level 1. HP: 13/13 MP: 3/3
   940 | D:1      | Reached XP level 2. HP: 19/19 MP: 5/5
  2092 | D:2      | Reached XP level 3. HP: 24/24 MP: 6/6
  2161 | D:2      | Reached skill level 5 in Summonings
  2397 | D:2      | Learned a level 3 spell: Call Canine Familiar
  3372 | D:3      | Reached XP level 4. HP: 30/30 MP: 7/7
  3491 | D:3      | Noticed p0werm0de's ghost (weakling VSNe)
  3757 | D:3      | Killed p0werm0de's ghost
  4132 | D:3      | Reached XP level 5. HP: 33/35 MP: 8/8
  4203 | D:3      | Reached skill level 6 in Summonings
  4387 | D:4      | Noticed Natasha
  4394 | D:4      | Killed Natasha
  4494 | D:4      | Noticed pstr's ghost (amateur NaEE)
  5043 | D:4      | Reached XP level 6. HP: 40/41 MP: 9/9
  5115 | D:4      | Reached skill level 7 in Summonings
  5331 | D:4      | Noticed Natasha
  5341 | D:4      | Killed Natasha
  5360 | D:4      | Noticed Sigmund
  5367 | D:4      | Noticed Eustachio
  5379 | D:4      | Noticed Natasha
  5420 | D:4      | Killed Sigmund
  5452 | D:4      | Noticed a phantom
  5521 | D:4      | HP: 1/41 [shadow imp[Eustachio] (3)]
  5522 | D:4      | Succumbed to a scorpion's poison

Skill      XL: |  1  2  3  4  5  6 |
---------------+-------------------+-----
Summonings     | 5 6 7 |  7.6
Dodging        | |  2.0
Stealth        | |  2.0
Spellcasting   | |  2.0

Action                   |  1- 3 |  4- 6 || total
-------------------------+-------+-------++-------
Melee: Unarmed           |    23 |       ||    23
       Whip              |    29 |    54 ||    83
       Dagger            |       |    27 ||    27
 Cast: Summon Small Mamm |    45 |       ||    45
       Call Canine Famil |     4 |    32 ||    36
  Use: Scroll            |       |    10 ||    10
       Potion            |       |     2 ||     2
 Stab: Sleeping          |     2 |     1 ||     3
  Eat: Chunk             |     6 |     6 ||    12
       Ration            |     1 |     1 ||     2
Armor: Robe              |    13 |     8 ||    21
Dodge: Dodged            |    68 |   106 ||   174
